 Dungeon Crawl Stone Soup version 0.30-a0-1123-gabc949cf19 (webtiles) character file.

Game seed: 9677315180835173523

329 Sobieck the Firebug (level 6, -4/45 HPs)
             Began as a Draconian Fire Elementalist on Apr 22, 2023.
             Slain by Joseph
             ... wielding a +0 quarterstaff
              (6 damage)
             ... on level 7 of the Dungeon.
             The game lasted 00:06:27 (2771 turns).

Sobieck the Firebug (Draconian Fire Elementalist)   Turns: 2771, Time: 00:06:27

Health: -4/45      AC:  6    Str: 10    XL:     6   Next: 25%
Magic:  0/11       EV: 12    Int: 18    God:
Gold:   213        SH:  0    Dex: 11    Spells: 9/12 levels left

rFire   + . .        b - +2 hand axe (flame) {axe}
rCold   . . .        (no shield)
rNeg    . . .        (body armour unavailable)
rPois   .            (helmet restricted)
rElec   .            (no cloak)
rCorr   .            (no gloves)
SInv    .            (no boots)
Will    .....        m - amulet of magic regeneration {@e2}
Stlth   ++           d - ring of protection from fire
HPRegen 0.27/turn    (no ring)
MPRegen 0.52/turn

%: no passive effects
@: no status effects
A: AC +6, unfitting armour, cold-blooded
a: no special abilities


You were on level 7 of the Dungeon.
You visited 1 branch of the dungeon, and saw 6 of its levels.

You collected 213 gold pieces.


Innate Abilities, Weirdness & Mutations

Your plain brown scales are hard. (AC +6)
You cannot fit into any form of body armour.
You are cold-blooded and may be slowed by cold attacks.


   Skills:
 - Level 1.7 Dodging
 - Level 1.7 Stealth
 + Level 3.8 Spellcasting
 + Level 3.7 Conjurations
 + Level 4.7 Fire Magic


You had 9 spell levels left.
You knew the following spells:

 Your Spells              Type           Power      Damage    Failure   Level
a - Foxfire               Conj/Fire      72%        2x1d7     2%          1
b - Scorch                Fire           40%        2d7       3%          2

Your spell library contained the following spells:

 Spells                   Type           Power      Damage    Failure   Level
 Magic Dart               Conj           64%        1d6       3%          1
 Inner Flame              Hex/Fire       12%        N/A       17%         3
 Volatile Blastmotes      Fire/Tloc      24%        2d12      17%         3
 Call Imp                 Summ           6%         N/A       22%         2
 Mephitic Cloud           Conj/Pois/Air  7%         N/A       26%         3
 Flame Wave               Conj/Fire      18%        2d7       26%         4
 Gell's Gravitas          Tloc           3%         N/A       41%         3
 Teleport Other           Tloc           3%         N/A       41%         3
 Dispersal                Tloc           1%         N/A       100%        6

Inventory:

Hand Weapons
 b - a +2 hand axe of flaming (weapon) {axe}
   (You found it on level 1 of the Dungeon)
 g - a +0 dagger {short}
   (You took it off a goblin on level 1 of the Dungeon)
 j - a +0 dagger {short}
   (You found it on level 1 of the Dungeon)
 l - a +0 dagger {short}
   (You found it on level 1 of the Dungeon)
 n - a +0 club {mace}
   (You took it off a goblin on level 2 of the Dungeon)
 o - a +3 short sword of venom {short}
   (You took it off a kobold on level 2 of the Dungeon)
Missiles
 c - 8 poisoned darts {throwing}
 k - 4 javelins {throwing}
 p - 7 stones {throwing}
Jewellery
 d - a ring of protection from fire (left hand)
   (You found it on level 1 of the Dungeon)
 m - an amulet of magic regeneration (around neck) {@e2}
   (You found it on level 2 of the Dungeon)
Wands
 y - a wand of acid (8)
   (You found it on level 3 of the Dungeon)
Scrolls
 h - 4 scrolls of teleportation {@r4}
 i - a scroll of noise {unknown}
Potions
 a - a potion of magic
 e - a potion of berserk rage {unknown}
 f - a potion of cancellation
 r - 2 potions of mutation {!q}
 s - a potion of flight
 t - a potion of curing {@q1}
 u - a potion of attraction {unknown}
 v - a potion of lignification {unknown}
 x - a potion of brilliance

Dungeon Overview and Level Annotations

Branches:
Dungeon (7/15) Zot: 26815
 Temple: D:4-7

Altars:

Annotations:
D:7 Joseph

#.#####...#....................
#..##...##.....########....#
##..#.#....###.# ##...#.#
........#### #.### ##..#.#
####..### #...# #..##.# # #..#
###.###.## .# ####.## ##.....#
.# ......#########..@#### [#
#.##............@.# .#
..##.#...........§..#
........#########.#.....
#........# #.#..... #....##...#
#.. #### ..##.# #...# #.##
#.##.. .... #.# ..##..§ #.# ..
.#####§5 ..


You could see Joseph (combustible).


Message History

Unknown command.
You now have 191 gold pieces (gained 13).
A shadow imp comes into view.
The shadow imp shouts!
Danger!
You conjure some foxfire!
You conjure some foxfire!
Unknown command.
You conjure some foxfire!
The foxfire hits the shadow imp.
Danger!
Danger!
You conjure some foxfire!
Unknown command.
You conjure some foxfire!
The foxfire hits the shadow imp. x2
You kill the shadow imp!
You conjure some foxfire!
Unknown command.
You now have 198 gold pieces (gained 7).
You now have 213 gold pieces (gained 15).
Joseph, a Mercenary comes into view.
He is wielding a +0 quarterstaff.
Joseph shouts!
Joseph says, "I'm happy to see you. And I'll be happy to kill you."
Joseph unwields a +0 quarterstaff.
Joseph wields a +1 sling of electrocution.
You hear the crackle of electricity.
Joseph shoots a sling bullet.
The sling bullet hits you!
Danger!
Danger!
Unknown command.
You conjure some foxfire!
You conjure some foxfire!
The foxfire hits Joseph. x2
Unknown command.
You conjure some foxfire!
The foxfire hits Joseph.
You miscast Foxfire.
You are very lightly contaminated with residual magic.
Nothing appears to happen.
The foxfire hits Joseph.
You conjure some foxfire!
The foxfire hits Joseph. x2
Joseph shoots a sling bullet.
The sling bullet misses you.
You conjure some foxfire!
Unknown command.
You conjure some foxfire!
The foxfire hits Joseph. x2
The foxfire hits Joseph but does no damage.
You conjure some foxfire!
The foxfire hits Joseph. x2
Unknown command.
Casting: Foxfire (safe; 2% risk of failure)
Confirm with . or Enter, or press ? or * to list all spells.
Flames lash Joseph.
Joseph's fire resistance burns away.
The foxfire hits Joseph.
The foxfire hits Joseph but does no damage.
Joseph shoots a sling bullet.
The sling bullet hits you!
You are too injured to fight recklessly!
You are too injured to fight recklessly!
Unknown command.
Casting: Scorch (safe; 3% risk of failure)
Confirm with . or Enter, or press ? or * to list all spells.
You conjure some foxfire!
Your magical contamination has completely faded away.
Casting: Foxfire (safe; 2% risk of failure)
Confirm with . or Enter, or press ? or * to list all spells.
You conjure some foxfire!
The foxfire hits Joseph. x2
Joseph is burned terribly!
Joseph unwields a +1 sling of electrocution.
It stops crackling.
Joseph wields a +0 quarterstaff.
Joseph hits you with a +0 quarterstaff.
* * * LOW HITPOINT WARNING * * *
Unknown command.
Casting: Foxfire (safe; 2% risk of failure)
Confirm with . or Enter, or press ? or * to list all spells.
You conjure some foxfire!
Joseph is no longer more vulnerable to fire.
The foxfire hits Joseph but does no damage. x2
Joseph hits you with a +0 quarterstaff!
* * * LOW HITPOINT WARNING * * *
Unknown command.
Casting: Foxfire (safe; 2% risk of failure)
Confirm with . or Enter, or press ? or * to list all spells.
You conjure some foxfire!
The foxfire hits Joseph but does no damage.
The foxfire hits Joseph.
Joseph drinks a potion.
Joseph is healed!
Casting: Foxfire (safe; 2% risk of failure)
Confirm with . or Enter, or press ? or * to list all spells.
You conjure some foxfire!
The foxfire hits Joseph. x2
Joseph hits you with a +0 quarterstaff!
* * * LOW HITPOINT WARNING * * *
Unknown command.
You are too injured to fight recklessly!
Unknown command.
Casting: Foxfire (safe; 2% risk of failure)
Confirm with . or Enter, or press ? or * to list all spells.
Flames lash Joseph.
Joseph's fire resistance burns away.
The foxfire hits Joseph.
Joseph is burned terribly!
The foxfire hits Joseph.
Joseph is burned terribly!
Joseph misses you.
Unknown command.
Casting: Scorch (safe; 3% risk of failure)
Confirm with . or Enter, or press ? or * to list all spells.
Flames lash Joseph.
Joseph is burned terribly!
Joseph hits you with a +0 quarterstaff.
You die...

Skill      XL: |  1  2  3  4 |
---------------+-------------+-----
Conjurations   | 2 3 |  3.7
Spellcasting   | 3 |  3.8
Fire Magic     | 4 |  4.7
Dodging        | |  1.7
Stealth        | |  1.7

Action                     |  1- 3 |  4- 6 || total
---------------------------+-------+-------++-------
  Melee: Hand axe          |    13 |       ||    13
         Tailslap          |     3 |       ||     3
   Cast: Foxfire           |    70 |    55 ||   125
         Scorch            |     4 |    11 ||    15
    Use: Scroll            |       |     9 ||     9
 Armour: Skin              |     9 |     4 ||    13
  Dodge: Dodged            |    19 |     8 ||    27

Levels and vault maps discovered:
D:1:      giann_forest_graveyard, layout_basic, chequers_serial_rivers_micro_a
D:2:      layout_rooms, hellmonk_ecumenical_altar_arch_garden,
          kennysheep_another_room, minmay_statues_item
D:3:      layout_loops_ring, minmay_misc_feat_x, dreamdust_princess_corridor,
          kennysheep_generic_room_3, uniq_robin
D:4:      minmay_bubble_buster, layout_loops_ring, jmf_multi_god_temple,
          wad_floor_pattern_untrapped, st_stairs_8
D:6:      layout_cave_pods, minmay_temple_entry_enclosed_plants, serial_shops,
          shop, minmay_misc_feat_five, uniq_pikel, uniq_eustachio
D:7:      layout_rooms, uniq_joseph

Notes
Turn   | Place    | Note
-------+----------+-------------------------------------------
     0 | D:1      | Sobieck the Draconian Fire Elementalist began the quest for
                  | the Orb.
     0 | D:1      | Reached XP level 1. HP: 14/14 MP: 3/3
    32 | D:1      | You add the spells Gell's Gravitas, Teleport Other and
                  | Dispersal to your library.
   637 | D:1      | Reached XP level 2. HP: 20/20 MP: 3/5
  1269 | D:2      | Found a faded altar of an unknown god.
  1288 | D:2      | You pick up a book of Minor Magic and begin reading...
  1288 | D:2      | You add the spells Magic Dart, Call Imp and Mephitic Cloud
                  | to your library.
  1292 | D:2      | Learned a level 2 spell: Scorch
  1411 | D:2      | Reached XP level 3. HP: 26/26 MP: 6/6
  1422 | D:2      | Reached skill level 2 in Conjurations
  1773 | D:3      | Noticed Robin
  1792 | D:3      | Killed Robin
  1825 | D:3      | Reached XP level 4. HP: 29/33 MP: 8/8
  2355 | D:3      | Reached skill level 3 in Spellcasting
  2574 | D:4      | You fall into a shaft and drop 3 floors!
  2597 | D:7      | Noticed a bullfrog
  2608 | D:7      | Killed a bullfrog
  2609 | D:7      | Reached skill level 3 in Conjurations
  2609 | D:7      | Reached skill level 4 in Fire Magic
  2609 | D:7      | Reached XP level 5. HP: 36/38 MP: 5/9
  2620 | D:7      | Noticed a black bear
  2628 | D:7      | Killed a black bear
  2629 | D:7      | Reached XP level 6. HP: 31/45 MP: 1/11
  2747 | D:7      | Noticed Joseph
  2769 | D:7      | HP: 1/45 [Joseph/+0 quarterstaff (12)]
  2771 | D:7      | Slain by Joseph

Vanquished Creatures
  A black bear (D:7)
  2 bullfrogs (D:7)
  Robin (D:3)
  4 adders
  A shadow imp (D:7)
  A white imp (D:7)
  A worm (D:2)
  A dart slug (D:1)
  6 endoplasms
  A giant cockroach (D:2)
  12 goblins
  5 hobgoblins
  6 kobolds (D:2)
  A quokka (D:3)
  3 ball pythons
  2 bats
  3 frilled lizards (D:1)
  2 rats
53 creatures vanquished.

Vanquished Creatures (collateral kills)
  A foxfire (D:2)
1 creature vanquished.

Vanquished Creatures (others)
  200 foxfires
200 creatures vanquished.

Grand Total: 254 creatures vanquished

Table legend:
 A = Non-vault XP
 B = Vault XP
 C = Vault XP percentage of total XP
 D = Non-vault monster count
 E = Vault monster count
 F = Vault count percentage of total count
                 A         B        C        D         E       F
            +---------+---------+-------+---------+---------+-------
      Total |     431 |      40 |   8.5 |      39 |      14 |  26.4
            +---------+---------+-------+---------+---------+-------
        D:1 |      16 |       0 |   0.0 |      10 |       0 |   0.0
        D:2 |      45 |       0 |   0.0 |      17 |       0 |   0.0
        D:3 |      46 |      40 |  46.5 |       7 |      14 |  66.7
        D:7 |     324 |       0 |   0.0 |       5 |       0 |   0.0
            +---------+---------+-------+---------+---------+-------

Illustrated notes

Table legend:
 A = Kills in this place as a percentage of kills in the entire game.
 B = Kills by you in this place as a percentage of kills by you in the entire game.
 C = Kills by friends in this place as a percentage of kills by friends in the entire game.
 D = Other kills in this place as a percentage of other kills in the entire game.
 E = Experience gained in this place as a percentage of experience gained in the entire game.
 F = Experience gained in this place divided by the number of levels of this place that you have seen.
                   A       B       C       D       E      F
               +-------+-------+-------+-------+-------+----------------------
         Total | 100.0 | 100.0 |   N/A |   N/A | 100.0 |  78.5
       Dungeon | 100.0 | 100.0 |   N/A |   N/A | 100.0 |  78.5
               +-------+-------+-------+-------+-------+----------------------

Table legend: (Time is in decaauts)
 A = Elapsed time spent in this place.
 B = Non-inter-level travel time spent in this place.
 C = Inter-level travel time spent in this place.
 D = Time resting spent in this place.
 E = Time spent auto-exploring this place.
 F = Levels seen in this place.
 G = Mean time per level.
                   A        B        C        D        E       F      G
               +--------+--------+--------+--------+--------+-----+--------+
         Total |   2778 |   2651 |    127 |     73 |   2149 |   6 |  463.0 |
       Dungeon |   2778 |   2651 |    127 |     73 |   2149 |   6 |  463.0 |
               +--------+--------+--------+--------+--------+-----+--------+

Top non-repeatable levels by time:
     D:1: 1072 daAuts
     D:3: 860 daAuts
     D:2: 590 daAuts
     D:7: 194 daAuts
     D:4: 58 daAuts
     D:6: 2 daAuts
